 Dungeon Sprint DCSS version 0.29-a0-284-gf9362112df (webtiles) character file.

Game seed: 4238845497499614908

1160 horus123 the Spear-Bearer (level 8, -1/72 (77) HPs)
             Began as a Demonspawn Gladiator on Mar 17, 2022.
             Was an Initiate of Makhleb.
             Slain by a soul eater (13 damage)
             ... summoned by a kobold demonologist
             ... while paralysed by a floating eye
             ... in the Dungeon (Sprint I: "Red Sonja").
             The game lasted 00:03:50 (1026 turns).

horus123 the Spear-Bearer (Demonspawn Gladiator)    Turns: 1026, Time: 00:03:50

HP:   -1/72 (77)    AC:  8    Str: 17    XL:     8   Next: 16%
MP:   8/8           EV:  2    Int: 10    God:    Makhleb [......]
Gold: 513           SH:  0    Dex: 14    Spells: 7/7 levels left

rFire   . . .      SeeInvis .   a - +0 trident
rCold   . . .      Faith    .   (no shield)
rNeg    . . .      Spirit   .   l - +0 ring mail
rPois   .          Reflect  .   c - +0 helmet
rElec   .          Harm     .   (no cloak)
rCorr   .          Rampage  .   (no gloves)
Will    .....      NoTele   +   (no boots)
Stlth   +.........              (no amulet)
HPRegen 0.22/turn               (no ring)
MPRegen 0.22/turn               (no ring)

@: paralysed, drained
A: hooves 1, thin metallic scales 1, foul stench 1, magic regeneration
a: Renounce Religion


You were in the Dungeon.
You worshipped Makhleb.
Makhleb was noncommittal.
You visited 1 branch You collected 513 gold pieces.

Inventory:

Hand Weapons
 a - a +0 trident (weapon)
Missiles
 d - 3 throwing nets
 e - a javelin (quivered)
Armour
 c - a +0 helmet (worn)
 l - a +0 ring mail (worn)
Scrolls
 j - a scroll of fog {unknown}
 k - a scroll of blinking
Potions
 f - a potion of curing
 h - a potion of haste
 i - 2 potions of magic


   Skills:
 - Level 12.3 Fighting
 + Level 12.5 Polearms
 - Level 1.7 Throwing
 - Level 2.6 Dodging


You had 7 spell levels left.
You didn't know any spells.
Your spell library was empty.

Dungeon Overview and Level Annotations

Branches:
Dungeon (1/1)

Altars:
Cheibriados
Dithmenos
Elyvilon
Fedhas
Gozag
Hepliaklqana
Kikubaaqudgha
Makhleb
Nemelex Xobeh
Okawaru
Qazlal
Ru
Sif Muna
Trog
Uskayaw
Vehumet
Wu Jian
Xom
Yredelemnul
Zin
The Shining One
Jiyva
Lugonu

Shops:
D ?


Innate Abilities, Weirdness & Mutations

You have large cloven feet.
You are partially covered in thin metallic scales. (AC +2)
You may rarely emit foul miasma when damaged in melee.
You regenerate magic rapidly.


Message History

The floating eye's stare focuses on you.
The kobold demonologist hits you but does no damage.
There is an open door here.
The kobold demonologist mumbles some strange words.
You barely miss the soul eater.
You kick the soul eater, but do no damage.
The soul eater attacks as you move away!
The soul eater hits you!
The kobold demonologist mumbles some strange words.
The soul eater attacks as you move away!
The soul eater misses you.
The shadow imp disappears in a puff of smoke!
The kobold demonologist begins to cast a cantrip, but forgets the words!
There is an open door here.
The floating eye gazes piercingly through you!
You suddenly lose the ability to move!
The floating eye's stare focuses on you.
The soul eater hits you!
The kobold demonologist mumbles some strange words.
The soul eater draws from the surrounding life force!
You can move again.
There is an open door, spattered with blood here.
The soul eater attacks as you move away!
The soul eater hits you.
You see here a +0 hand axe.
You feel much better. The soul eater hits you.
You hit the soul eater but do no damage.
The soul eater hits you!
You completely miss the soul eater.
You kick the soul eater, but do no damage.
The floating eye gazes piercingly through you!
You suddenly lose the ability to move!
The soul eater hits you!
You feel drained.
The floating eye's stare focuses on you.
The soul eater hits you!!
* * * LOW HITPOINT WARNING * * *
You feel drained.
* * * LOW HITPOINT WARNING * * *
The soul eater hits you!
You die...

##########################
#<.#..)..#.)'..#5_#5.5...#
#..').#..'..#.5G.5K4.#.4.#
#..#####'#####3#__#### 5.+
#..####..#...#@####§(# ##
#..#__####..##.#≈§§§c#
#..#_____##'#_.+≈≈§..+
#⌠⌠#_.∩.).'..._#≈≈§§c#
####_..__##_.#'##+##
#_____###'#[#
#########.### +...+ #...#


You could see a soul eater (summoned), a floating eye (charged), a white imp
(summoned) and an ufetubus (summoned).

Vanquished Creatures
  Sonja (D)
  A slime creature (D)
  Sigmund (D)
  A yak (D)
  An ogre (D)
  A jelly (D)
  Ijyb (D)
7 creatures vanquished.

Notes
Turn   | Place    | Note
-------+----------+-------------------------------------------
     0 | D        | horus123 the Demonspawn Gladiator began the quest for the
                  | Orb.
     0 | D        | Reached XP level 1. HP: 16/16 MP: 1/1
     2 | D        | Noticed Ijyb
     7 | D        | Killed Ijyb
     8 | D        | Gained mutation: You regenerate magic rapidly. [demonic
                  | ancestry]
     8 | D        | Reached XP level 2. HP: 28/28 MP: 2/2
    10 | D        | Noticed an ogre
    15 | D        | Killed an ogre
    16 | D        | Gained mutation: You may rarely emit foul miasma when
                  | damaged in melee. [demonic ancestry]
    16 | D        | Reached XP level 3. HP: 30/39 MP: 3/3
    16 | D        | Reached XP level 4. HP: 36/46 MP: 4/4
   164 | D        | Noticed Sigmund
   170 | D        | Killed Sigmund
   171 | D        | Gained mutation: You are partially covered in thin metallic
                  | scales. (AC +2) [demonic ancestry]
   171 | D        | Reached XP level 5. HP: 37/58 MP: 5/5
   279 | D        | Found an ornate altar of the Wu Jian Council.
   279 | D        | Found a shimmering blue altar of Sif Muna.
   281 | D        | Found a radiant altar of Vehumet.
   286 | D        | Reached XP level 6. HP: 54/65 MP: 6/6
   309 | D        | Found Abogoiguqo's Magic Scroll Emporium.
   309 | D        | Found an ancient bone altar of Kikubaaqudgha.
   309 | D        | Found a hazy altar of Hepliaklqana.
   309 | D        | Found a stormy altar of Qazlal.
   309 | D        | Found a hide-covered altar of Uskayaw.
   309 | D        | Found a blossoming altar of Fedhas.
   309 | D        | Found a bloodstained altar of Trog.
   309 | D        | Found an iron altar of Okawaru.
   309 | D        | Found a basalt altar of Yredelemnul.
   309 | D        | Found a snail-covered altar of Cheibriados.
   309 | D        | Found a sacrificial altar of Ru.
   309 | D        | Found a shadowy altar of Dithmenos.
   309 | D        | Noticed a yak
   319 | D        | Killed a yak
   503 | D        | Found an opulent altar of Gozag.
   504 | D        | Found a sparkling altar of Nemelex Xobeh.
   566 | D        | Noticed Sonja
   589 | D        | Killed Sonja
   590 | D        | Reached XP level 7. HP: 36/71 MP: 7/7
   790 | D        | Noticed a centaur warrior
   793 | D        | Noticed a centaur warrior
   823 | D        | Found a burning altar of Makhleb.
   823 | D        | Found a viscous altar of Jiyva.
   823 | D        | Found a shimmering altar of Xom.
   823 | D        | Found a corrupted altar of Lugonu.
   823 | D        | Noticed a slime creature
   835 | D        | Killed a slime creature
   836 | D        | Gained mutation: You have large cloven feet. [demonic
                  | ancestry]
   836 | D        | Reached XP level 8. HP: 46/77 MP: 8/8
   977 | D        | Became a worshipper of Makhleb the Destroyer
  1003 | D        | Noticed a kobold demonologist
  1003 | D        | Noticed a kobold demonologist
  1005 | D        | Noticed an ice devil
  1007 | D        | Paralysed by a floating eye for 4 turns
  1010 | D        | Noticed an ice devil
  1011 | D        | Noticed a hellwing
  1015 | D        | Noticed a soul eater
  1018 | D        | Paralysed by a floating eye for 3 turns
  1024 | D        | Paralysed by a floating eye for 2 turns
  1026 | D        | Slain by a soul eater

Illustrated notes

Levels and vault maps discovered:
D:        dungeon_sprint_1 [red_sonja_temple_1, red_sonja_temple_small_1]

Skill      XL: |  1  2  3  4  5  6  7 |
---------------+----------------------+-----
Fighting       | 6 9 12 | 12.3
Polearms       | 3 11 12 | 12.5
Throwing       | |  1.7
Dodging        | |  2.6

Action                   |  1- 3 |  4- 6 |  7- 9 || total
-------------------------+-------+-------+-------++-------
Melee: Trident           |     9 |    35 |    19 ||    63
       Kick              |       |       |     3 ||     3
       Punch             |       |       |     1 ||     1
Throw: Javelin           |       |     1 |       ||     1
  Use: Potion            |     1 |       |     1 ||     2
Armor: Leather armour    |       |     9 |       ||     9
       Ring mail         |       |       |     5 ||     5
Dodge: Dodged            |       |    18 |     3 ||    21

Table legend: (Time is in decaauts)
 A = Elapsed time spent in this place.
 B = Non-inter-level travel time spent in this place.
 C = Inter-level travel time spent in this place.
 D = Time resting spent in this place.
 E = Time spent auto-exploring this place.
 F = Levels seen in this place.
 G = Mean time per level.
                   A        B        C        D        E       F      G
               +--------+--------+--------+--------+--------+-----+--------+
         Total |   1029 |   1029 |      0 |    760 |      0 |   1 | 1029.0 |
       Dungeon |   1029 |   1029 |      0 |    760 |      0 |   1 | 1029.0 |
               +--------+--------+--------+--------+--------+-----+--------+

Top non-repeatable levels by time:
       D: 1029 daAuts
